 Dungeon Crawl Stone Soup version 0.23.2-40-g277498a001 (webtiles) character file.

Game seed: 16168005970839649974

30 Glamhuggeren the Cudgeler (level 3, 0/28 HPs)
             Began as a Demonspawn Gladiator on Oct 7, 2019.
             Succumbed to an adder's poison
             ... on level 2 of the Dungeon.
             The game lasted 00:02:47 (1198 turns).

Glamhuggeren the Cudgeler (Demonspawn Gladiator)    Turns: 1198, Time: 00:02:48

Health: 0/28       AC:  7    Str: 16 (19) XL:     3   Next: 3%
Magic:  3/3        EV: 12    Int:  6 (9)  God:
Gold:   35         SH:  3    Dex: 14 (15) Spells: 2/2 levels left

rFire    . . .     SeeInvis .   a - +0 flail
rCold    . . .     Gourm    .   u - +0 buckler
rNeg     . . .     Faith    .   b - +0 leather armour
rPois    .         Spirit   .   c - +0 helmet
rElec    .         Reflect  .   (no cloak)
rCorr    .         Harm     .   (no gloves)
MR       .....                  (no boots)
Stlth    +.........             (no amulet)
HPRegen  0.09/turn              (no ring)
MPRegen  0.08/turn              (no ring)

@: mighty, lethally poisoned (0 -> -4)
A: molten scales 2
a: no special abilities


You were on level 2 of the Dungeon.
You were not hungry.

You visited 1 branch of the dungeon, and saw 2 of its levels.

You collected 35 gold pieces.

Inventory:

Hand Weapons
 a - a +0 flail (weapon)
 v - a +0 hunting sling
Missiles
 d - 3 throwing nets (quivered)
 e - 2 stones
 h - 79 arrows
 k - 4 needles of confusion
 m - 38 bolts
Armour
 b - a +0 leather armour (worn)
 c - a +0 helmet (worn)
 n - a +1 leather armour of poison resistance
 u - a +0 buckler (worn)
Scrolls
 g - 2 scrolls of amnesia {unknown}
 i - 2 scrolls of identify {unknown}
 l - a scroll of enchant weapon {unknown}
 o - a scroll of fear {unknown}
 p - 2 scrolls of blinking {unknown}
 q - 2 scrolls of teleportation {unknown}
 r - 3 scrolls of remove curse {unknown}
 t - a scroll of fog {unknown}
Comestibles
 f - 5 rations


   Skills:
 + Level 2.3 Fighting
 * Level 3.2 Maces & Flails
 - Level 2.0 Throwing
 - Level 3.0 Dodging


You had 2 spell levels left.
You didn't know any spells.
Your spell library was empty.

Dungeon Overview and Level Annotations

Branches:
Dungeon (2/15)

Altars:
Makhleb


Innate Abilities, Weirdness & Mutations

You are mostly covered in molten scales. (AC +3)


Message History

You kill the adder!
Training target 3.0 for Dodging reached!
Your Dodging skill increases to level 3!
You have reached level 3!
Your experience leads to an increase in your attributes!
Your base attributes are Str 14, Int 9, Dex 14.
Increase (S)trength, (I)ntelligence, or (D)exterity?
You feel agile.
Your demonic ancestry asserts itself...
Molten scales spread over more of your body.
* * * LOW HITPOINT WARNING * * *
You feel sick.
There is a lethal amount of poison in your body!
There is a lethal amount of poison in your body!
* * * LOW HITPOINT WARNING * * *
You feel sick.
* * * LOW HITPOINT WARNING * * *
You feel sick.
* * * LOW HITPOINT WARNING * * *
You feel sick.
You die...

####..........### #
.# ...'.............
.# ####..........# .
#..........# ##
#..........#
#..........#
#..........# #
#..........#####..#
..............@....#
............#####..#
...#######.## # ..
#.# #.# #+#


There were no monsters in sight!

Vanquished Creatures
  An adder (D:2)
  2 dart slugs
  A ball python (D:2)
  3 bats (D:1)
  A giant cockroach (D:2)
  A jackal (D:1)
  3 frilled lizards
  4 kobolds (D:1)
  A rat (D:1)
17 creatures vanquished.

Notes
Turn   | Place    | Note
-------+----------+-------------------------------------------
     0 | D:1      | Glamhuggeren the Demonspawn Gladiator began the quest for
                  | the Orb.
     0 | D:1      | Reached XP level 1. HP: 16/16 MP: 1/1
   296 | D:1      | Gained mutation: You are partially covered in molten
                  | scales. (AC +2) [demonic ancestry]
   296 | D:1      | Reached XP level 2. HP: 22/22 MP: 2/2
  1116 | D:2      | Found a burning altar of Makhleb.
  1116 | D:2      | Noticed an Executioner
  1119 | D:2      | Noticed a neqoxec
  1119 | D:2      | Noticed an orange demon
  1190 | D:2      | Gained mutation: You are mostly covered in molten scales.
                  | (AC +3) [demonic ancestry]
  1190 | D:2      | Reached XP level 3. HP: 5/28 MP: 3/3
  1195 | D:2      | HP: 1/28 [poisoned by an adder]
  1198 | D:2      | Succumbed to an adder's poison

Skill      XL: |  1  2 |
---------------+-------+-----
Maces & Flails | 3 |  3.2
Throwing       | 2 |  2.0
Dodging        | 3 |  3.0
Fighting       | |  2.3

Action                   || total
-------------------------++-------
Melee: Flail             ||    79
  Use: Potion            ||     2
  Eat: Chunk             ||     1
Armor: Leather armour    ||    38
Dodge: Dodged            ||    63
Block: Buckler           ||     3
